 Dungeon Crawl Stone Soup version 0.26.1-10-gdfb7c7de75 (webtiles) character file.

Game seed: 855663030231530349

3697 Electrofox the Cleaver (level 9, -6/70 HPs)
             Began as a Minotaur Fighter on Apr 7, 2021.
             Was a Priest of Okawaru.
             Mangled by a red ugly thing (14 damage)
             ... on level 9 of the Dungeon.
             The game lasted 00:36:54 (9916 turns).

Electrofox the Cleaver (Minotaur Fighter)           Turns: 9916, Time: 00:36:55

Health: -6/70      AC: 12    Str: 21    XL:     9   Next: 90%
Magic:  8/8        EV:  5    Int:  8    God:    Okawaru [***...]
Gold:   580        SH: 11    Dex: 10    Spells: 8/8 levels left

rFire    . . .     SeeInvis .   a - +1 war axe
rCold    . . .     Faith    .   c - +0 kite shield
rNeg     . . .     Spirit   .   e - +0 plate armour
rPois    .         Reflect  .   (helmet restricted)
rElec    .         Harm     .   (no cloak)
rCorr    .         Rampage  .   u - +0 pair of gloves
Will     .....                  (no boots)
Stlth    ..........             (no amulet)
HPRegen  0.21/turn              (no ring)
MPRegen  0.11/turn              (no ring)

@: no status effects
A: retaliatory headbutt, horns 2
a: Renounce Religion, Heroism


You were on level 9 of the Dungeon.
You worshipped Okawaru.
Okawaru was most pleased with you.
You visited 2 branches of the dungeon, and saw 10 of its levels.
You also visited: Sewer and Bailey.

You collected 580 gold pieces.

Inventory:

Hand Weapons
 a - a +1 war axe (weapon)
 k - a +0 hunting sling
 z - the cursed +0 hand axe of the Curious Princes {vorpal, +Inv MP+9 Str-4, unknown}
   (You found it on level 7 of the Dungeon)

   It inflicts extra damage upon your enemies.
   It affects your strength (-4).
   It affects your magic capacity (+9).
   It lets you turn invisible.
   It has a curse placed upon it.
Missiles
 q - 16 poisoned darts (quivered)
Armour
 c - a +0 kite shield (worn)
 e - a +0 plate armour (worn)
 m - a +1 scale mail of cold resistance
 u - a +0 pair of gloves (worn)
Jewellery
 i - a cursed ring of teleportation {unknown}
 l - a cursed ring of attention {unknown}
 t - an uncursed ring of resist corrosion {unknown}
 y - a +6 ring of dexterity {unknown}
 A - an uncursed ring of flight {unknown}
 E - a +6 ring of strength {unknown}
Wands
 v - a wand of random effects (46)
 G - a wand of enslavement (14)
Scrolls
 b - a scroll of magic mapping
 j - a scroll of fear {unknown}
 o - 2 scrolls of blinking {unknown}
 p - a scroll of enchant armour {unknown}
 r - a scroll of enchant weapon
 w - 3 scrolls of teleportation
 B - 3 scrolls of identify
 C - a scroll of remove curse {unknown}
 F - a scroll of fog {unknown}
Potions
 d - 3 potions of might
 f - 4 potions of curing
 g - a potion of magic
 h - a potion of brilliance
 n - 2 potions of lignification
 s - 2 potions of heal wounds
 x - 3 potions of flight
 D - a potion of resistance


   Skills:
 - Level 3.6 Fighting
 + Level 14.2 Axes
 - Level 3.6 Armour
 + Level 9.2 Shields


You had 8 spell levels left.
You didn't know any spells.
Your spell library contained the following spells:

 Spells                   Type           Power        Failure   Level
 Magic Dart               Conj           0%           100%        1
 Searing Ray              Conj           0%           100%        2
 Dazzling Flash           Conj/Hex       0%           100%        3
 Fulminant Prism          Conj/Hex       0%           100%        4
 Iskenderun's Mystic Bla  Conj/Tloc      0%           100%        4


Dungeon Overview and Level Annotations

Branches:
Dungeon (9/15)             Temple (1/1) D:4           Sewer (visited)
 Bailey (visited)
   Lair: D:8-11         Orc: D:9-12

Altars:
Cheibriados
Dithmenos
Fedhas
Kikubaaqudgha
Makhleb
Nemelex Xobeh
Okawaru
Ru
Uskayaw
Vehumet
Xom
Yredelemnul
Zin

Annotations:
D:2 exclusion: door
D:3 exclusions: orc wizard and 1 more exclusion
D:6 exclusions: 4 doors and moth of wrath


Innate Abilities, Weirdness & Mutations

You reflexively headbutt those who attack you in melee.
You have a pair of horns on your head.


Message History

The red ugly thing is moderately wounded.
You hit the red ugly thing.
You headbutt the red ugly thing, but do no damage.
The red ugly thing is heavily wounded.
The red ugly thing kicks you but does no damage.
Your plate armour prevents you from hitting the red ugly thing.
The red ugly thing is heavily wounded.
The red ugly thing kicks you but does no damage.
You closely miss the red ugly thing. You headbutt the red ugly thing.
The red ugly thing is heavily wounded.
The red ugly thing kicks you but does no damage.
You hit the red ugly thing.
The red ugly thing is heavily wounded.
You block the red ugly thing's attack.
You closely miss the red ugly thing.
The red ugly thing is heavily wounded.
The red ugly thing kicks you!
* * * LOW HITPOINT WARNING * * *
You are engulfed in flames!
You die...

#.# #..# #.#
#..# #.# #..#
#.# #..# #.#
#..###.#
#......# #
#.....<###..#
#@.(....†...#
#u.##.......#
#..##...###.#
#..##...# #
#..##...#
...##...#
##..##...#
#..##...#


You could see a red ugly thing.

Vanquished Creatures
  A two-headed ogre (D:8)
  Menkaure (D:4)
  An orc warrior (D:6)
  An ice beast (D:6)
  2 necrophages
  4 ogres
  A sky beast (D:6)
  2 phantoms (D:8)
  3 centaurs
  4 big kobolds (Sewer)
  2 bullfrogs (D:8)
  A scorpion (D:6)
  5 killer bees
  4 wights (D:8)
  A howler monkey (D:5)
  3 bullfrog skeletons
  2 bullfrog zombies
  An orc priest (D:8)
  2 hounds
  3 orc wizards
  An iguana (D:9)
  6 worker ants
  A hound zombie (D:7)
  A howler monkey zombie (D:2)
  4 gnolls (D:8)
  A howler monkey skeleton (D:4)
  11 adders
  3 river rats (Sewer)
  A shadow imp (D:6)
  A white imp (D:5)
  3 oozes
  An adder skeleton (D:4)
  3 adder zombies
  5 worms
  4 dart slugs
  4 leopard geckos
  15 orcs
  9 ball pythons
  7 giant cockroaches
  6 goblins
  12 hobgoblins
  A ball python skeleton (D:4)
  9 bats
  6 frilled lizards
  2 jackal zombies
  8 kobolds
  A quokka skeleton (D:4)
  17 rats
187 creatures vanquished.

Notes
Turn   | Place    | Note
-------+----------+-------------------------------------------
     0 | D:1      | Electrofox the Minotaur Fighter began the quest for the
                  | Orb.
     0 | D:1      | Reached XP level 1. HP: 19/19 MP: 0/0
    36 | D:1      | Reached skill level 3 in Axes
   270 | D:1      | Reached XP level 2. HP: 26/26 MP: 1/1
   531 | D:1      | Reached skill level 4 in Axes
   783 | D:1      | Reached XP level 3. HP: 31/31 MP: 2/2
  1451 | D:2      | Reached skill level 5 in Axes
  1462 | D:2      | Reached XP level 4. HP: 34/39 MP: 3/3
  2296 | D:3      | Reached skill level 6 in Axes
  2700 | D:4      | Found a staircase to the Ecumenical Temple.
  2702 | D:4      | Noticed Menkaure
  2762 | D:3      | Reached XP level 5. HP: 29/45 MP: 4/4
  3009 | D:4      | Killed Menkaure
  3010 | D:4      | Reached skill level 7 in Axes
  3010 | D:4      | Reached XP level 6. HP: 42/51 MP: 5/5
  3280 | D:4      | Reached skill level 8 in Axes
  3353 | D:4      | Found a glowing drain.
  3362 | Sewer    | Entered a sewer
  3514 | Sewer    | Reached skill level 9 in Axes
  3548 | Sewer    | Reached XP level 7. HP: 48/57 MP: 6/6
  4099 | Sewer    | Reached skill level 10 in Axes
  4302 | Temple   | Entered the Ecumenical Temple
  4534 | Temple   | Became a worshipper of Warmaster Okawaru
  4848 | D:4      | Reached skill level 11 in Axes
  5227 | D:5      | Entered Level 5 of the Dungeon
  5360 | D:5      | Reached XP level 8. HP: 64/64 MP: 7/7
  5907 | D:6      | Found a shimmering altar of Xom.
  6071 | D:6      | Reached skill level 12 in Axes
  6128 | D:6      | Reached * piety under Okawaru
  6396 | D:6      | Reached skill level 5 in Shields
  6539 | D:6      | You fall into a shaft and drop 2 floors!
  6650 | D:7      | Found a glowing silver altar of Zin.
  6768 | D:7      | Reached XP level 9. HP: 61/70 MP: 8/8
  6854 | D:7      | Reached ** piety under Okawaru
  6881 | D:7      | Got a polished hand axe
  7017 | D:7      | Found a flagged portal.
  7048 | Bailey   | Entered a bailey
  7399 | D:6      | Noticed a moth of wrath
  7964 | D:7      | Reached skill level 13 in Axes
  8383 | D:8      | Noticed a two-headed ogre
  9205 | D:8      | Found a shadowy altar of Dithmenos.
  9350 | D:8      | Killed a two-headed ogre
  9350 | D:8      | Reached *** piety under Okawaru
  9351 | D:8      | Reached skill level 14 in Axes
  9901 | D:9      | Noticed a red ugly thing
  9916 | D:9      | Mangled by a red ugly thing

Illustrated notes

Levels and vault maps discovered:
D:1:      lemuel_arrival_funnel, layout_basic, st_stairs_12
D:2:      layout_basic, gammafunk_temple_overflow_claw
D:3:      layout_basic, tgw_sif, chequers_serial_rivers_micro_c
D:4:      minmay_thick_lines, layout_gridville, minmay_temple_entry_grid,
          portal_sewer_entry_c, uniq_menkaure
D:5:      layout_layer_cave
D:6:      layout_basic, lemuel_doored_altar, grunt_temple_overflow_cloverleaf,
          tgw_trog
D:7:      layout_loops_ring, zin_statuary, enter_bailey_4
D:8:      layout_loops_ring, grunt_dithmenos_shadows
D:9:      layout_long_grid, lair_entry_dummy, nicolae_tso_besieged_by_evil
Temple:   minmay_temple_curvy_loop

Skill      XL: |  1  2  3  4  5  6  7  8  9 |
---------------+----------------------------+-----
Axes           | 3 4 5 6 7 9 11 12 14 | 14.2
Shields        | 6 9 |  9.2
Fighting       | |  3.6
Armour         | |  3.6

Action                   |  1- 3 |  4- 6 |  7- 9 || total
-------------------------+-------+-------+-------++-------
Melee: War axe           |    91 |   123 |   334 ||   548
       Headbutt          |    11 |    22 |    54 ||    87
Throw: Dart              |       |       |    19 ||    19
Evoke: Wand              |       |       |     2 ||     2
  Use: Scroll            |       |     3 |    10 ||    13
       Potion            |       |     1 |       ||     1
Armor: Scale mail        |    48 |    34 |    26 ||   108
       Skin              |       |    24 |       ||    24
       Plate armour      |       |       |   110 ||   110
Dodge: Dodged            |    21 |    31 |    41 ||    93
Block: Kite shield       |    49 |    62 |   137 ||   248
